Workbook

Sheet Front
B5: Date: 08/05/25 | E5: Description: Elemental Cost Estimate
B7: Project: New Build - Community Leisure Facilities
B8: Matchstick Arena - Health, fitness and well-being centre
B12: I have the pleasure of presenting the elemental cost plan to ACE Captial Projects LTD for the above project.
B14: The elemental cost plan has been based on information issued and allowances are noted within "Allowance & Notes".
B17: Estiminated elemental cost plan to the sum of | D17: =Summary!D44 -> 15257375
B19: Please see below to navigate to the notes / prelims / elemental cost plan
B21: Please see "Allowance & Notes" for all inclusions including non inclusions
B23: Should you have any queries, please do not hesitate to contact myself below.
B25: Kind regards,
B28: Niki Hunwick
B29: INJR Cost consultant
B30: Email: 2016441@student.uwtsd.ac.uk
B32: Summary
B33: Allowance & notes
B34: 00 - Facilitating Works
B35: 01 - Substructure
B36: 02 - Superstructure
... B49: Appendix

Sheet Summary
B5: Date: 01/03/24
B7: Project: 4 levels, Health, Fitness and Well-being Centre
B8: GF - Cafe
B9: 01 - Gym Space
B10: 02 - Studio Space
B11: 03 - Hydrotherapy & Wellness
B13: Description: Elemental Cost Estimate
B15: GIFA: | C15: 1782 | D15: m2
B17: Element | D17: Total Value (£) | E17: Provisional Sum | F17: £ / m2
B18: 00 - Facilitating Works | D18: ='0 - Facilitating works'!I17 -> 0 | F18: =D18/$C$15 -> 0
B19: 01 - Substructure | D19: ='1 - Substructure'!I29 -> 777631.74 | F19: =D19/$C$15 -> 436.38145
B20: 02 - Superstructure | D20: ='2 - Superstructure'!I70 -> 5602782.2 | F20: =D20/$C$15 -> 3144.0977
B21: 03 - Internal Finishes | D21: ='3 - Internal finishes'!I33 -> 1078863 | F21: =D21/$C$15 -> 605.42255
B22: 04 - Fittings, Furnishings and Equipment | D22: 0 | E22: ='4 - FF&E'!I19 -> 400100 | F22: =E22/$C$15 -> 224.52301
B23: 05 - Services | D23: ='5 - Services'!I41 -> 2290099.3 | F23: =D23/$C$15 -> 1285.1287
B24: 06 - Prefabricated Buildings and Building Units | D24: ='6 - Prefabricated Buildings'!I12 -> 0 | F24: =D24/$C$15 -> 0
B25: 07 - Work to Existing Buildings | D25: ='7 - Work to existing buildings'!I14 -> 0
B26: 08 - External Work's | D26: ='8 - External works'!H14 -> 22048 | E26: ='8 - External works'!H9 -> 64619.52 | F26: =(D26+E26)/C15 -> 48.634972
C28: Total | D28: =SUM(D18:D26) -> 9771424.2 | E28: =SUM(E18:E26) -> 464719.52 | F28: =(D28+E28)/C15 -> 5744.1884
C30: Sub total | D30: =SUM(D28,E28) -> 10236144
B33: Element | D33: Total Value (£) | F33: £ / m2
B34: 09 - Main Contractor's Preliminaries | D34: ='9 - Main Contr Prelims'!H33+'9 - Main Contr Prelims'!H13 -> 1489761.7 | F34: =D34/$C$15 -> 836.00545
B35: 10 - Main Contractor' Overheads & Costs | D35: ='10 - Main Contr O & P'!H15 -> 1586602.3 | F35: =D35/$C$15 -> 890.3492
B36: 11 - Project / Design Team Fees | D36: ='11 - Project & Design Team fee'!H12 -> 921252.94 | F36: =D36/$C$15 -> 516.97696
B37: 12 - Other Development / Project Costs | D37: TBC
B38: 13 - Risks | D38: ='13 - Risks'!H17 -> 1023614.4 | F38: =D38/$C$15 -> 574.41884
B39: 14 - Inflation | D39: TBC
C41: Total | D41: =SUM(D34:D40) -> 5021231.3 | F41: =D41/C15 -> 2817.7504
B44: Total Construction Cost | D44: =D30+D41 -> 15257375 | F44: =F41+F28 -> 8561.9389

Sheet Allowance & notes
K2: Elemental Cost Plan | L2: =SUM('0 - Facilitating works'!I17,'1 - Substructure'!I29,'2 - Superstructure'!#REF!,'3 - Internal finishes'!I33,'4 - FF&E'!I19,'5 - Services'!I41,'6 - Prefabricated Buildings'!I12,'7 - Work to existing buildings'!I14,'8 - External works'!I28,'9 - Main Contr Prelims'!I33,'10 - Main Contr O & P'!H15,'11 - Project & Design Team fee'!I12,'12 - Other development costs'!I12,'13 - Risks'!I17,'14 - Inflation'!I14) -> #REF!
B5: Date: 08/05/25
B7: Project: 6 Storey mixed use development
B8: 1no ground floor retail unit (Class A1)
B9: 1no ground floor food & drink unit (Class A3)
B10: 132no Bedroom hotel (Class C1)
B12: Description: Elemental Cost Estimate
B15: All measures were conducted using Bluebeam Revu 20
B18: Drawings used
B20: Ground and 1st floor plans
B22: 2nd & 3rd floor plans
B24: Front and left elevatio
B26: Rear and right elevation pdf
... B60: Uplift is approximate and used for feasibility level cost planning only.

Sheet 0 - Facilitating works
L2: SPONs 2020 unit rates rebased to factor of | Q2: 1.28
A4: Ref. | C4: Element | E4: Qty | F4: unit | G4: Rate | H4: Sub-Total | I4: Group-Total | J4: Notes
G5: £ | H5: £ | I5: £
A6: 0 | C6: Facilitating works
H17: Total | I17: =SUM(I6:I16) -> 0
G19: Check | H19: =SUM(H6:H16) -> 0 | I19: =I17-H19 -> 0

Sheet 1 - Substructure
L2: SPONs 2020 unit rates rebased to factor of | Q2: 1.28
A4: Ref. | C4: Element | E4: Qty | F4: unit | G4: Rate | H4: Sub-Total | I4: Group-Total | J4: Notes
G5: £ | H5: £ | I5: £
A6: 1 | C6: Substructure
B8: 1.1.2 | C8: Specialist Foundations | L8: (Pile Foundation calculation document)
C9: Piling | L9: Structual engineer calculation m2 | P9: Poor site conditions - excavate depth
C10: Enabling works excavate to form piling mat; supply and lay imported hardcore – recycled brick and similar to form piling mat | E10: =V10 -> 234 | F10: m3 | G10: =13.7*Q2 -> 17.536 | H10: =G10*E10 -> 4103.424 | J10: Assumed poor site conditions, excavate depth of 300mm used | L10: 780 | M10: m2 | P10: 0.3 | Q10: m | U10: total | V10: =L10*P10 -> 234
C12: provision of plant (1 nr rig); including bringing to and removing from site; maintenance, erection and dismantling at each pile position | E12: 1 | F12: nr | G12: =23000*Q2 -> 29440 | H12: =G12*E12 -> 29440
L13: (Pile Foundation calculation document) | Q13: Depth | S13: total m
C14: Supply and install concrete Continuous Flight Auger (CFA) piles; cart away inactive spoil; measure total length of pile | E14: 4180 | F14: m | G14: =100*Q2 -> 128 | H14: =G14*E14 -> 535040 | J14: Structural engineers calculation > 110 piles @38m depth. | L14: 110 | M14: piles | Q14: 38 | R14: m | S14: =Q14*L14 -> 4180 | T14: m
C17: Pile caps | L17: (Pile Foundation calculation document)
C18: Excavate pit in firm ground by machine, partial backfill, partial disposal, support, compaction, cut off pile and prepare reinforcement, formwork; reinforced in situ concrete cap 25 N/mm²; reinforcement at 50 kg/m³; rates per cap for cap size; 2700mm× 2700mm× 1500 mm; 3–5 piles | E18: 12 | F18: nr | G18: =4100*Q2 -> 5248 | H18: =G18*E18 -> 62976 | J18: Structual engineers calculation; 3x3 grid; 110 piles | N18: Total | P18: piles | R18: caps
L19: 3x3 grid | N19: =3*3 -> 9 | P19: 110 | R19: =P19/N19 -> 12.222222
B21: 1.1.3 | C21: Lowest Floor Construction
C22: Ground floor construction
C23: Mechanical excavation to reduce levels, disposal, level and compact, hardcore bed blinded with sand, 1200 gauge polythene damp-proof membrane, in situ concrete 20.00 N/mm² – 20mm aggregate (1:2:4) 300mm thick concrete slab with 1 layer of A393 fabric reinforcement | E23: 821 | F23: m2 | G23: =139*Q2 -> 177.92 | H23: =G23*E23 -> 146072.32 | J23: Structual engineers calculation > 300mm foundation slab
I26: =SUM(H23,H18,H14,H12,H10,) -> 777631.74
H29: Total | I29: =SUM(I6:I28) -> 777631.74
G31: Check | H31: =SUM(H6:H28) -> 777631.74 | I31: =I29-H31 -> 0

Sheet 2 - Superstructure
L2: SPONs 2020 unit rates rebased to factor of | Q2: 1.28
A4: Ref. | C4: Element | E4: Qty | F4: unit | G4: Rate | H4: Sub-Total | I4: Group-Total | J4: Notes
G5: £ | H5: £ | I5: £ | Q5: Steel component | S5: m | T5: Weight | U5: Tonnes
A6: 2 | C6: Superstructure | L6: Formula | Q6: UC305x305x97 | S6: 1069 | T6: 97 | U6: =(S6*T6)/1000 -> 103.693
L7: Tonnes = length (m) x kg/m / 1000 | Q7: UB305x165x40 | S7: 812 | T7: 40 | U7: =(S7*T7)/1000 -> 32.48
B8: 2.1.1 | C8: Frame and Floor Composite | Q8: UB356x171x51 | S8: 156 | T8: 51 | U8: =(S8*T8)/1000 -> 7.956
C9: Steel frame
C10: Fabricated steelwork erected on site with bolted connections, primed smaller sections ne 40 kg/m universal columns; grade S275 | E10: =U10 -> 144.129 | F10: tonne | G10: =2425*Q2 -> 3104 | H10: =G10*E10 -> 447376.42 | T10: Total | U10: =SUM(U6:U8) -> 144.129
C12: Fire protection to steelwork
C13: Intumescent fire protection coating/decoration to exposed steelwork; Gross surface area (m2) or per tonne; Off site application, spray applied | E13: 144.13 | F13: tonne | G13: =750*Q2 -> 960 | H13: =G13*E13 -> 138364.8
B16: 2.8.1 | C16: Internal doors
C17: Fire doors
C18: Standard fire doors; cellular core; softwood lining; softwood architrave; aluminuim ironmongery (lockable, self-closure); painting or polishing; single leaf; Oak veneered; 60 min fire resistance; polished | E18: 36 | F18: nr | G18: =950*Q2 -> 1216 | H18: =G18*E18 -> 43776
C20: double leaf; Oak veneered; 60 min fire resistance; polished | E20: 5 | F20: nr | G20: =1750*Q2 -> 2240 | H20: =G20*E20 -> 11200
B23: 2.6 | C23: WINDOWS AND EXTERNAL DOORS
C24: Composite aluminium/timber entrance screens and doors; U-value = 1.5 W/m2K
C25: Purpose-made doors glazed single personnel door; stainless steel ironmongery; Velfac System100 or similar | E25: 1 | F25: nr | G25: =2500*Q2 -> 3200 | H25: =G25*E25 -> 3200
C27: glazed double personnel door; stainless steel ironmongery; Velfac System 100 or similar | E27: 3 | F27: nr | G27: =4000*Q2 -> 5120 | H27: =G27*E27 -> 15360
B30: 2.4.1 | C30: STAIRS AND RAMPS
C31: Stair/Ramp Structures
C32: Reinforced concrete construction
C33: Staircase; high quality finishes; stainless steel and glass balustrades; plastered and decorated soffit 3.00m rise; dogleg | E33: 5 | F33: nr | G33: =21500*Q2 -> 27520 | H33: =G33*E33 -> 137600
B35: 2.5 | C35: EXTERNAL WALLS
C36: Glazed walling
C37: Curtain walling
C38: unitized curtain walling bespoke project specific system with double glazed units, aluminium structural framing and spandrel rails. Standard colour powder coated | E38: 1473.03 | F38: m2 | G38: =1100*Q2 -> 1408 | H38: =G38*E38 -> 2074026.2
B41: 2.5.3 | C41: EXTERNAL WALLS
C42: Solar/Rain Screen
C43: Solar shading
C44: fixed timber including uni-strut supports; 300mm deep | E44: 1183.34 | F44: m2 | G44: =300*Q2 -> 384 | H44: =G44*E44 -> 454402.56
C46: marble or granite faced panels | E46: 760.86 | F46: m2 | G46: =900*Q2 -> 1152 | H46: =G46*E46 -> 876510.72
B49: 2.7 | C49: INTERNAL WALLS AND PARTITIONS
C50: Frame and panel partitions
C51: Marble finish, wall panels, include fixings | E51: 2862.01 | F51: m2 | G51: =250*Q2 -> 320 | H51: =G51*E51 -> 915843.2
C53: Timber slats, pinned vertically to timber or plasterboard; supplied with fixings | E53: 237.15 | F53: m2 | G53: =250*Q2 -> 320 | H53: =G53*E53 -> 75888
B55: 2.3 | C55: ROOF
C56: Flat roof decking
C57: Concrete
C58: reinforced concrete topping | E58: 574.38 | F58: m2 | G58: =100*Q2 -> 128 | H58: =G58*E58 -> 73520.64
B60: 2.3.3 | C60: Specialist Roof Systems
C61: Landscaped roofs
C62: Polyester-based elastomeric bitumen waterproofing and vapour equalization layer, copper lined bitumen membrane root barrier and waterproofing layer, separation and slip layers, protection layer, 50mm thick drainage board, filter fleece, insulation board, Sedum vegetation blanket intensive (high maintenance – may include trees and shrubs require deeper substrate layers, are generally limited to flat roofs) | E62: 574.38 | F62: m2 | G62: =235*Q2 -> 300.8 | H62: =G62*E62 -> 172773.5
B65: 2.2 | C65: UPPER FLOORS
B66: 2.2.1 | C66: Floors - (1 & 2 floor)
C67: Composite steel deck flooring Composite steel and concrete upper floors (Note: all floor thicknesses are nominal); A142 mesh reinforcement TATA Slimdek SD225 steel decking 1.25mm thick; 130mm reinforced concrete topping | E67: 1106.93 | F67: m2 | G67: =115*Q2 -> 147.2 | H67: =G67*E67 -> 162940.1
H70: Total | I70: =SUM(H67,H62,H58,H53,H51,H46,H44,H38,H33,H27,H25,H20,H18,H13,H10) -> 5602782.2
G72: Check | H72: =SUM(H6:H67) -> 5602782.2 | I72: =I70-H72 -> 0

Sheet BbQuantityLink
A1: <?xml version="1.0" encoding="utf-8"?>_x000D_ <QuantityLinks Version="3">_x000D_ <Links />_x000D_ <Filesets />_x000D_ <Guids />_x000D_ </QuantityLinks> | B1: 1

Sheet 3 - Internal finishes
L2: SPONs 2020 unit rates rebased to factor of | Q2: 1.28
A4: Ref. | C4: Element | E4: Qty | F4: unit | G4: Rate | H4: Sub-Total | I4: Group-Total | J4: Notes
G5: £ | H5: £ | I5: £
A6: 3 | C6: Internal finishes
B8: 3.2.1 | C8: FLOOR FINISHES (0 Floor)
C9: Internal floor area (unless otherwise described)
C10: Polised concrete floor | E10: 801.87 | F10: m2 | G10: =62*Q2 -> 79.36 | H10: =G10*E10 -> 63636.403
B12: 3.2.2 | C12: Raised Access Floors (1,2,3 Floor)
C13: Raised access floors: including 600mm× 600mm steel encased particle boards on height adjustable pedestals < 300mm battened raft chipboard floor with sound insulation fixed to battens; medium | E13: 1145.68 | F13: m2 | G13: =120*Q2 -> 153.6 | H13: =G13*E13 -> 175976.45
B16: 3.1.1 | C16: Wall Finishes
C17: Rigid tile/panel/board finishes (0,2 Floor)
C18: Timber boarding/panelling; on and including battens; plugged to wall 12mm thick softwood boarding | E18: 237.15 | F18: m2 | G18: =50*Q2 -> 64 | H18: =G18*E18 -> 15177.6
C20: Rigid tile/panel/board finishes
C21: Marble
C22: Roman Travertine marble wall linings 20mm thick; polished | E22: 1377.31 | F22: m2 | G22: =375*Q2 -> 480 | H22: =G22*E22 -> 661108.8
B25: 3.3.1 | C25: CEILING FINISHES
C26: Finishes to Ceiling
C27: In situ finishes
C28: Other ceiling finishes softwood timber | E28: 1900.23 | F28: m2 | G28: =67*Q2 -> 85.76 | H28: =G28*E28 -> 162963.72
I30: =SUM(H18,H22,H28,H13,H10) -> 1078863
H33: Total | I33: =SUM(I6:I32) -> 1078863
G35: Check | H35: =SUM(H6:H28) -> 1078863 | I35: =I33-H35 -> 0

Sheet 4 - FF&E
L2: SPONs 2020 unit rates rebased to factor of | Q2: 1.28
A4: Ref. | C4: Element | E4: Qty | F4: unit | G4: Rate | H4: Sub-Total | I4: Group-Total | J4: Notes
G5: £ | H5: £ | I5: £
A6: 4 | C6: Fittings, furnishings and equipment
A7: 4
A8: 4 | B8: 4.1.1 | C8: General Fittings, Furnishings and Equipment
A9: 4 | C9: Office furniture and equipment (1 & 2 Floor)
A10: 4 | C10: Provisional sum for supply and installation of furniture and equipment to adimstrative office area; reception; and lobby area, workstation; desk; drawer unit; task chair, public seating | E10: 1 | F10: nr | G10: 35000 | H10: =G10*E10 -> 35000 | J10: Provisional sum
A11: 4
A12: 4 | C12: Provisional sum for supply and installation of specialist gym equipment (free weights, machines, cardio kit) | E12: 1 | F12: nr | G12: 200000 | H12: =G12*E12 -> 200000 | J12: Provisional sum
A13: 4
A14: 4 | C14: Provisional sum for the supply and installation of therapy, sports rehabilitation, wellness suite specialist equipment | E14: 1 | F14: nr | G14: 165000 | H14: =G14*E14 -> 165000 | J14: Provisional sum
A15: 4
A16: 4 | C16: Café & seating area | E16: 1 | F16: nr | G16: 100 | H16: =G16*E16 -> 100 | J16: Provisional sum
A17: 4
H19: Total | I19: =SUM(H16,H14,H12,H10) -> 400100
G21: Check | H21: =SUM(H6:H17) -> 400100 | I21: =H21-I19 -> 0

Sheet 5 - Services
L2: SPONs 2020 unit rates rebased to factor of | Q2: 1.28
A4: Ref. | C4: Element | E4: Qty | F4: unit | G4: Rate | H4: Sub-Total | I4: Group-Total | J4: Notes
G5: £ | H5: £ | I5: £
A6: 5 | C6: Services
B8: 5.1.1 | C8: Sanitary Appliances | E8: 1782 | F8: m2 | G8: =21.5*Q2 -> 27.52 | H8: =G8*E8 -> 49040.64 | J8: Rates are for gross internal floor area, rates derived from Spons 2020 under preforming arts building.
B11: 5.4.1 | C11: Mains Water Supply | E11: 1782 | F11: m2 | G11: =31*Q2 -> 39.68 | H11: =G11*E11 -> 70709.76 | J11: Rates are for gross internal floor area, rates derived from Spons 2020 under preforming arts building.
B14: 5.6.1 | C14: Space Heating and Air Conditioning | E14: 1782 | F14: m2 | G14: =315*Q2 -> 403.2 | H14: =G14*E14 -> 718502.4 | J14: Rates are for gross internal floor area, rates derived from Spons 2020 under preforming arts building.
B17: 5.7.1 | C17: Ventilation Systems | E17: 1782 | F17: m2 | G17: =21.5*Q2 -> 27.52 | H17: =G17*E17 -> 49040.64 | J17: Rates are for gross internal floor area, rates derived from Spons 2020 under preforming arts building.
B20: 5.8.1 | C20: Electric Mains and Sub-Mains Distrubition | E20: 1782 | F20: m2 | G20: =290*Q2 -> 371.2 | H20: =G20*E20 -> 661478.4 | J20: Including LV distribution, HV distribution, lighting, small power. Rates are for gross internal floor area, rates derived from Spons 2020 under preforming arts building.
B23: 5.9.2 | C23: Fuel Distribution Systems | E23: 1782 | F23: m2 | G23: =2.05*Q2 -> 2.624 | H23: =G23*E23 -> 4675.968 | J23: Rates are for gross internal floor area, rates derived from Spons 2020 under office/hotel.
B26: 5.10.1 | C26: Lifts and Enclosed Hoists | E26: 2 | F26: nr | G26: =110000*Q2 -> 140800 | H26: =G26*E26 -> 281600
B29: 5.11.1 | C29: Fire Fighting Systems | E29: 1782 | F29: m2 | G29: =23*Q2 -> 29.44 | H29: =G29*E29 -> 52462.08 | J29: Gross internal floor area; Including lightning, rates derived from Spons 2020 under shopping malls and the like protection, sprinklers unless stated otherwise
B32: 5.12.1 | C32: Communication, Security and Control Systems | E32: 1782 | F32: m2 | G32: =130*Q2 -> 166.4 | H32: =G32*E32 -> 296524.8 | J32: Gross internal floor area; Including fire alarm, public address system, security installation unless stated otherwise, rates derived from Spons 2020 under performing arts building
B35: 5.14.1 | C35: Builder’s Work in Connection with Services
C36: air conditioning, electrical and ventilation installations | E36: 1782 | F36: m2 | G36: =46.5*Q2 -> 59.52 | H36: =G36*E36 -> 106064.64 | J36: Gross internal floor area
I38: =SUM(H36,H32,H29,H26,H23,H20,H17,H14,H11,H8,) -> 2290099.3
H41: Total | I41: =SUM(I6:I40) -> 2290099.3
G43: Check | H43: =SUM(H6:H40) -> 2290099.3 | I43: =I41-H43 -> 0

Sheet 6 - Prefabricated Buildings
L2: SPONs 2020 unit rates rebased to factor of | Q2: 1.28
A4: Ref. | C4: Element | E4: Qty | F4: unit | G4: Rate | H4: Sub-Total | I4: Group-Total | J4: Notes
G5: £ | H5: £ | I5: £
A6: 6 | C6: Prefabricated buildings
H12: Total | I12: =SUM(I6:I11) -> 0
G14: Check | H14: =SUM(H6:H11) -> 0 | I14: =I12-H14 -> 0

Sheet 7 - Work to existing buildings
L2: SPONs 2020 unit rates rebased to factor of | Q2: 1.28
A4: Ref. | C4: Element | E4: Qty | F4: unit | G4: Rate | H4: Sub-Total | I4: Group-Total | J4: Notes
G5: £ | H5: £ | I5: £
A6: 7 | C6: Work to existing buildings | J6: Non applicable
H14: Total | I14: =SUM(I6:I13) -> 0
G16: Check | H16: =SUM(H6:H13) -> 0 | I16: =I14-H16 -> 0

Sheet 8 - External works
L2: SPONs 2020 unit rates rebased to factor of | O2: 1.28
A4: Ref. | C4: Element | E4: Qty | F4: unit | G4: Rate | H4: Sub-Total | I4: Group-Total | J4: Notes
G5: £ | H5: £ | I5: £
A6: 8 | C6: External Works
B8: 8.2.1 | C8: Roads, Paths and Pavings
C9: Turf Pavers | E9: 336.56 | F9: m2 | G9: 192 | H9: =G9*E9 -> 64619.52 | J9: Provisional sum, area is estimation from supplied drawing "PROPOSED MASTERPLAN"
M11: Structural engineers calculation
B12: 8.4.3 | C12: Retaining Walls | M12: Basic Wall | N12: Retaining - 300mm Concrete | O12: 1 | P12: Walls | Q12: physical material | R12: 53 m² | S12: Concrete
C13: Crib retaining walls
C14: Andacrib concrete crib retaining walls on concrete foundation; granular infill material; measure face area m2. Excludes backfill material to the rear of the wall | E14: 53 | F14: m2 | G14: =325*O2 -> 416 | H14: =G14*E14 -> 22048
I23: =SUM(H9,H14) -> 86667.52
H28: Total | I28: =SUM(I6:I27) -> 86667.52
G30: Check | H30: =SUM(H6:H27) -> 86667.52 | I30: =I28-H30 -> 0

Sheet 9 - Main Contr Prelims
M2: Elemental Cost Plan | N2: =Summary!D30 -> 10236144
M3: Elemental cost plan | N3: Main contractors cost items | Q3: Total
A4: Ref. | C4: Element | E4: Qty | F4: unit | G4: Rate | H4: Sub-Total | I4: Group-Total | J4: Notes | M4: =N2 -> 10236144 | N4: =H33 -> 1427942.1 | Q4: =M4+N4 -> 11664086
G5: % | H5: £ | I5: £
A6: 9 | C6: Main contractor perlims
B8: 9.1 | C8: Employer’s requirements
C9: 9.1.1 Site accommodation | G9: 0.0018 | H9: =Q4*G9 -> 20995.354 | J9: Percentage of contract sum
C10: 9.1.2 Site records | G10: 0.0015 | H10: =Q4*G10 -> 17496.129 | J10: Percentage of contract sum
C11: 9.1.3 Completion and post-completion requirements | G11: 0.002 | H11: =Q4*G11 -> 23328.172 | J11: Percentage of contract sum
G13: Total | H13: =SUM(H9:H11) -> 61819.655
B15: 9.2 | C15: Main contractor’s cost items
C16: 9.2.1 Management and staff | G16: 0.06 | H16: =$N$2*G16 -> 614168.62
C17: 9.2.2 Site establishment | G17: 0.0035 | H17: =$N$2*G17 -> 35826.503
C18: 9.2.3 Temporary utilities | G18: 0.01 | H18: =$N$2*G18 -> 102361.44
C19: 9.2.4 Security | G19: 0.0015 | H19: =$N$2*G19 -> 15354.216
C20: 9.2.5 Safety and environmental protection | G20: 0.001 | H20: =$N$2*G20 -> 10236.144
C21: 9.2.6 Control and protection | G21: =0.1%+0.03% -> 0.0013 | H21: =$N$2*G21 -> 13306.987
C22: 9.2.7 Mechanical plant | G22: =2%+0.2% -> 0.022 | H22: =$N$2*G22 -> 225195.16
C23: 9.2.8 Temporary works | G23: 0.0075 | H23: =$N$2*G23 -> 76771.078
C24: 9.2.9 Site records | G24: 0.005 | H24: =$N$2*G24 -> 51180.719
C25: 9.2.10 Completion and post-completion requirements | G25: 0.007 | H25: =$N$2*G25 -> 71653.006
C26: 9.2.11 Cleaning | G26: 0.0015 | H26: =$N$2*G26 -> 15354.216
C27: 9.2.12 Fees and charges | G27: 0.008 | H27: =$N$2*G27 -> 81889.15
C28: 9.2.13 Site services | G28: 0.0092 | H28: =$N$2*G28 -> 94172.522
C29: 9.2.14 Insurance, bonds, guarantees and warranties | G29: 0.002 | H29: =$N$2*G29 -> 20472.287
G33: Total | H33: =SUM(H16:I32) -> 1427942.1 | I33: =SUM(I6:I32) -> 0
D35: Total % | G35: =SUM(G9:G29) -> 0.1448
H37: =H33+H13 -> 1489761.7

Sheet 10 - Main Contr O & P
M2: Elemental Cost Plan | N2: =Summary!D30 -> 10236144
A4: Ref. | C4: Element | E4: Qty | F4: unit | G4: Rate | H4: Sub-Total | I4: Group-Total | J4: Notes
G5: % | H5: £ | I5: £
A6: 10 | C6: Main contractor O & P
B8: 10.1 | C8: Main contractor’s overheads | G8: 0.075 | H8: =$N$2*G8 -> 767710.78
B12: 10.2 | C12: Main contractor’s profit. | G12: 0.08 | H12: =$N$2*G12 -> 818891.5
G15: Total | H15: =SUM(H6:H14) -> 1586602.3

Sheet 11 - Project & Design Team fee
M2: Elemental Cost Plan | N2: =Summary!D30 -> 10236144
A4: Ref. | C4: Element | E4: Qty | F4: unit | G4: Rate | H4: Sub-Total | I4: Group-Total | J4: Notes
G5: % | H5: £ | I5: £
A6: 11 | C6: Project & design team fee
B8: 11.1 | C8: Consultants’ fees | G8: 0.09 | H8: =N2*G8 -> 921252.94
G12: Total | H12: =SUM(H6:H11) -> 921252.94

Sheet 12 - Other development costs
M2: Elemental Cost Plan | N2: =Summary!D30 -> 10236144
A4: Ref. | C4: Element | E4: Qty | F4: unit | G4: Rate | H4: Sub-Total | I4: Group-Total | J4: Notes
G5: £ | H5: £ | I5: £
A6: 12 | C6: Other development costs
B8: 12.1 | C8: Other project costs | G8: - | J8: TBC
G12: Total | H12: =SUM(H6:H11) -> 0

Sheet 13 - Risks
M2: Elemental Cost Plan | N2: =Summary!D30 -> 10236144
A4: Ref. | C4: Element | E4: Qty | F4: unit | G4: Rate | H4: Sub-Total | I4: Group-Total | J4: Notes
G5: % | H5: £ | I5: £
A6: 13 | C6: Risks
B8: 13.1 | C8: Design development risks | G8: 0.025 | H8: =$N$2*G8 -> 255903.59
B10: 13.2 | C10: Construction risks | G10: 0.025 | H10: =$N$2*G10 -> 255903.59
B12: 13.3 | C12: Employer change risks | G12: 0.025 | H12: =$N$2*G12 -> 255903.59
B14: 13.4 | C14: Employer other risks | G14: 0.025 | H14: =$N$2*G14 -> 255903.59
G17: Total | H17: =SUM(H6:H16) -> 1023614.4
D19: Total | G19: =SUM(G8:G14) -> 0.1

Sheet 14 - Inflation
M2: Elemental Cost Plan | N2: =Summary!D30 -> 10236144
A4: Ref. | C4: Element | E4: Qty | F4: unit | G4: Rate | H4: Sub-Total | I4: Group-Total | J4: Notes
G5: £ | H5: £ | I5: £
A6: 14 | C6: Inflation
B8: 14.1 | C8: Tender inflation. | J8: TBC
B10: 14.2 | C10: Construction inflation. | J10: TBC
G14: Total | H14: =SUM(H6:H13) -> 0

Sheet Appendix
E2: UWTSD
A6: Comments | C6: Appendix
S9: `
